 Dungeon Crawl Stone Soup version 0.21.1-1-g345015fe64 (webtiles) character file.

59 Gargoyl the Skirmisher (level 3, -1/31 HPs)
             Began as a Centaur Abyssal Knight on May 31, 2018.
             Was a Believer of Lugonu.
             Slain by an adder (2 damage)
             ... on level 2 of the Dungeon.
             The game lasted 00:01:54 (1127 turns).

Gargoyl the Skirmisher (Centaur Abyssal Knight)     Turns: 1127, Time: 00:01:55

Health: -1/31      AC:  7    Str: 12 (14) XL:     3   Next: 78%
Magic:  4/4        EV:  6    Int:  6 (7)  God:    Lugonu [**....]
Gold:   70         SH:  0    Dex:  6 (9)  Spells: 2/2 levels left

rFire    . . .     SeeInvis .   a - +1 hand axe
rCold    . . .     Gourm    .   (no shield)
rNeg     . . .     Faith    .   h - +0 scale mail
rPois    .         Spirit   .   g - +1 hat
rElec    .         Reflect  .   (no cloak)
rCorr    .         Harm     .   (no gloves)
MR       .....                  (no barding)
Stlth    ..........             (no amulet)
HPRegen  0.10/turn              (no ring)
MPRegen  0.09/turn              (no ring)

@: lethally poisoned (-1 -> -4), very quick
A: large, hooves 3, deformed body, [dopey 2], speed 2, tough skin 3, [MP-powered
wands]
a: Depart the Abyss, Bend Space, Renounce Religion


You were on level 2 of the Dungeon.
You worshipped Lugonu.
Lugonu was pleased with you.
You were not hungry.

You visited 1 branch of the dungeon, and saw 2 of its levels.
You visited the Abyss 1 time.

You collected 70 gold pieces.

Inventory:

Hand Weapons
 a - a +1 hand axe (weapon)
Armour
 g - a +1 hat (worn)
 h - a +0 scale mail (worn)
Potions
 d - a potion of degeneration
 i - a potion of heal wounds {unknown}
Comestibles
 c - 6 rations


   Skills:
 + Level 3.5 Fighting
 + Level 2.7 Axes
 * Level 1.8 Armour
 + Level 0.7 Dodging
 * Level 2.3 Invocations


You had 2 spell levels left.
You didn't know any spells.

Dungeon Overview and Level Annotations

Branches:
Dungeon (2/15)

Altars:


Innate Abilities, Weirdness & Mutations

You have hooves in place of feet.
Armour fits poorly on your strangely shaped body.
You cover ground very quickly.
You have extremely tough skin. (AC +3)
[You are very dopey. (Int -4)]
[You expend magic power (3 MP) to strengthen your wands.]


Message History

The adder barely misses you.
You closely miss the adder.
The adder is almost dead.
The adder bites you but does no damage. The adder closely misses you.
You miss the adder.
The adder is almost dead.
You feel sick. The adder bites you.
* * * LOW HITPOINT WARNING * * *
The adder closely misses you.
You closely miss the adder. Your kick misses the adder.
The adder is almost dead.
The adder bites you.
* * * LOW HITPOINT WARNING * * *
It was a potion of degeneration.
There was something very wrong with that liquid.
You feel weakened.
You feel dopey.
You feel clumsy. The adder bites you but does no damage.
It was a potion of magic.
Magic courses through your body. The adder bites you but does no damage.
The adder bites you.
You die...

##.## .#..#.###.#
#..# .......<..#
##.## ##.######(#
##†.########.########
#.........#)..$...#
#.........#.......#
#.........#.......#
#.........#.†.....#
..#.........#..S@...#
............##'######
............##.#
.....###'#####.####
.....# #.#........#
.....###..........#
..... #...........#
.... #......#+####
#......#


You could see an adder.

Vanquished Creatures
  An adder (D:2)
  A shadow imp (D:2)
  A worm (D:2)
  4 dart slugs
  A leopard gecko (D:1)
  2 giant cockroaches (D:1)
  A goblin (D:1)
  3 hobgoblins (D:1)
  3 jackals (D:2)
  5 kobolds
  4 bats (D:1)
  3 frilled lizards (D:1)
  5 rats (D:1)
34 creatures vanquished.

Notes
Turn   | Place    | Note
-------+----------+-------------------------------------------
     0 | Abyss:1  | Gargoyl the Centaur Abyssal Knight began the quest for the Orb.
     0 | Abyss:1  | Reached XP level 1. HP: 19/19 MP: 2/2
    46 | Abyss:1  | Noticed an ancient zyme
    47 | Abyss:1  | Noticed a wretched star
    59 | D:1      | Escaped the Abyss
   226 | D:1      | Reached * piety under Lugonu
   235 | D:1      | Reached XP level 2. HP: 11/26 MP: 3/3
   797 | D:1      | Reached XP level 3. HP: 28/31 MP: 4/4
  1063 | D:2      | Reached ** piety under Lugonu
  1125 | D:2      | HP: 1/31 [adder (3)]
  1127 | D:2      | Slain by an adder

Skill      XL: |  1 |
---------------+----+-----
Axes           | 2 |  2.7
Fighting       | |  3.5
Armour         | |  1.8
Dodging        | |  0.7
Invocations    | |  2.3

Action                   || total
-------------------------++-------
Melee: Hand axe          ||    86
       Kick              ||    17
Invok: Depart the Abyss  ||     1
  Use: Scroll            ||     2
       Potion            ||     2
Armor: Leather armour    ||    16
       Scale mail        ||    44
Dodge: Dodged            ||    41
